 Dungeon Crawl Stone Soup version 0.31-a0-263-ge8cad7f256 (webtiles) character file.

Game seed: 17160701399485282247

368 rocky1 the Covered (level 6, 56/56 HPs)
             Began as a Minotaur Fighter on July 14, 2023.
             Was a High Priest of Ignis.
             Quit the game on level 4 of the Dungeon.
             The game lasted 00:04:27 (2060 turns).

rocky1 the Covered (Minotaur Fighter)               Turns: 2060, Time: 00:04:28

Health: 56/56      AC: 18    Str: 23    XL:     6   Next: 41%
Magic:  5/5        EV: 10    Int:  5    God:    Ignis [*****.]
Gold:   210        SH:  4    Dex:  9    Spells: 5/5 levels left

rFire   + . .        a - +0 war axe
rCold   + . .        c - +0 buckler
rNeg    . . .        r - +2 ring mail {rC+}
rPois   .            (helmet restricted)
rElec   .            (no cloak)
rCorr   .            w - +2 pair of gloves
SInv    .            (no boots)
Will    .....        (no amulet) Stlth
                     (no ring)
HPRegen 0.29/turn    (no ring)
MPRegen 0.09/turn

%: no passive effects
@: fiery-armoured
A: horns 2, retaliatory headbutt
a: Renounce Religion, Fiery Armour, Foxfire Swarm, Rising Flame


You were on level 4 of the Dungeon.
You worshipped Ignis.
Ignis was extremely pleased with you.
You visited 1 branch of the dungeon, and saw 5 of its levels.

You collected 210 gold pieces.

Inventory:

Hand Weapons
 a - a +0 war axe (weapon)
Missiles
 v - 3 poisoned darts
Armour
 b - a +0 scale mail
 c - a +0 buckler (worn)
 f - a +0 plate armour
 r - a +2 ring mail of cold resistance (worn)
 w - a +2 pair of gloves (worn)
Jewellery
 p - a ring of protection from fire
 q - an amulet of reflection
 t - a +5 ring of evasion
Scrolls
 e - 2 scrolls of amnesia {unknown}
 m - a scroll of identify {unknown}
 n - a scroll of brand weapon {unknown}
 o - a scroll of summoning {unknown}
 s - a scroll of immolation {unknown}
 u - a scroll of fear {unknown}
Potions
 d - 2 potions of might
 g - a potion of lignification {unknown}
 h - 2 potions of curing {unknown}
 i - a potion of enlightenment {unknown}
 j - a potion of heal wounds {unknown}
 k - a potion of haste {unknown}
 l - a potion of degeneration {unknown}


   Skills:
 + Level 5.3 Fighting
 + Level 4.6 Axes
 + Level 5.4 Armour
 + Level 5.3 Shields


You had 5 spell levels left.
You didn't know any spells.
Your spell library contained the following spells:

 Spells                   Type           Power      Damage    Failure   Level
 Shock                    Conj/Air       0%         1d3       67%         1
 Frozen Ramparts          Ice            0%         1d1       96%         3
 Inner Flame              Hex/Fire       0%         N/A       96%         3
 Swiftness                Air            0%         N/A       96%         3
 Airstrike                Air            0%         2d(0-16)  100%        4
 Flame Wave               Conj/Fire      0%         2d4       100%        4
 Petrify                  Tmut/Erth      0%         N/A       100%        4
 Sticky Flame             Conj/Fire      0%         2d3       100%        4
 Metabolic Englaciation   Hex/Ice        0%         N/A       100%        5


Dungeon Overview and Level Annotations

Branches:
Dungeon (5/15)
 Temple: D:4-7

Altars:
Wu Jian
Ignis

Shops:
D:4 *   D:5 (


Innate Abilities, Weirdness & Mutations

You have a pair of horns on your head.
You reflexively headbutt those who attack you in melee.


Message History

There is a stone staircase leading up here.
You climb upwards.
Found a pair of glowing gloves, 35 gold pieces and a glowing dagger.
Found Koschainu's Assorted Antiques.
Found a stone staircase leading up.
There is a stone staircase leading down here.
Found a longbow.
Found a scroll labelled VINYUMU VUARYM.
You see here a +2 pair of gloves.
w - a +2 pair of gloves You start putting on your armour.
You continue putting on your +2 pair of gloves. x4
You finish putting on your +2 pair of gloves.
Unknown command.
HP restored.
A goblin comes into view. It is wielding a +0 dagger.
The goblin shouts!
You hear a shout!
A goblin is nearby!
A goblin is nearby!
A goblin is nearby!
You barely miss the goblin. The goblin closely misses you.
You furiously retaliate!
You headbutt the goblin!
You kill the goblin!
No target in view!
No target in view!
You now have 188 gold pieces (gained 13).
There is an entrance to Koschainu's Assorted Antiques here.
You now have 200 gold pieces (gained 12).
You now have 210 gold pieces (gained 10).
There is an entrance to Koschainu's Assorted Antiques here.
Unknown command.
Unknown command.
Are you sure you want to abandon this character and quit the game? (Confirm with "yes".)
Okay, then.
Unknown command.
Unknown command.
Saving game... please wait.
Welcome back, rocky1 the Minotaur Fighter.
The flames of Ignis gently warm you.
Press ? for a list of commands and other information.
Are you sure you want to abandon this character and quit the game? (Confirm with "yes".)

#. #.# #.|
##..### #.....#
#.....###
###..<....#
#.........####
###.#....@.....#
...............#
......#....>...#
..##.).#......#
# ###........#
##...##..#
#.?..........#
##....)......#
##..........#


There were no monsters in sight!

Vanquished Creatures
  A centaur (D:5)
  A bullfrog (D:5)
  A scorpion (D:5)
  A hound (D:5)
  An orc priest (D:3)
  2 adders (D:2)
  An ufetubus (D:5)
  A dart slug (D:3)
  2 orcs (D:3)
  9 ball pythons
  5 bats
  3 endoplasms
  A giant cockroach (D:2)
  8 goblins
  11 hobgoblins
  4 jackals (D:2)
  6 kobolds
  3 quokkas
  6 frilled lizards
  8 rats
75 creatures vanquished.

Notes
Turn   | Place    | Note
-------+----------+-------------------------------------------
     0 | D:1      | rocky1 the Minotaur Fighter began the quest for the Orb.
     0 | D:1      | Reached XP level 1. HP: 19/19 MP: 0/0
   125 | D:1      | Reached XP level 2. HP: 27/27 MP: 1/1
   402 | D:1      | Reached XP level 3. HP: 29/33 MP: 2/2
   648 | D:2      | Found a faded altar of an unknown god.
   668 | D:2      | Prayed at the altar of an unknown god.
   668 | D:2      | Became a worshipper of Ignis, the Dying Flame
  1171 | D:2      | Reached XP level 4. HP: 40/41 MP: 3/3
  1903 | D:3      | You fall into a shaft and drop 2 floors!
  1903 | D:5      | Entered Level 5 of the Dungeon
  1952 | D:5      | Noticed a centaur
  1955 | D:5      | Killed a centaur
  1956 | D:5      | Reached XP level 5. HP: 31/47 MP: 4/4
  1960 | D:5      | Reached skill level 5 in Fighting
  1960 | D:5      | Reached skill level 5 in Armour
  1960 | D:5      | Reached skill level 5 in Shields
  1963 | D:5      | Reached XP level 6. HP: 33/56 MP: 5/5
  1965 | D:5      | Found Gozacso's Weapon Emporium.
  1986 | D:5      | Found an ornate altar of the Wu Jian Council.
  1995 | D:4      | Found Koschainu's Assorted Antiques.
  2060 | D:4      | Quit the game

Illustrated notes

Levels and vault maps discovered:
D:1:      pf_arrival_petrified_forest, layout_basic
D:2:      cheibrodos_helix_gallery, layout_basic,
          ebering_ecumenical_altar_abandoned, glass_columns_c, roderic_lattice_a
D:3:      layout_loops_ring, chequers_mini_garden, minmay_misc_feat_rows
D:4:      layout_rooms, minmay_misc_feat_room, nicolae_stop_n_shop_1,
          chequers_serial_rivers_marsh
D:5:      gammafunk_steamed_eel, layout_cave_pools, lemuel_tele_altar,
          serial_shops, nicolae_shop_tiny_glass, uniq_pikel, uniq_blork_the_orc

Skill      XL: |  1  2  3  4  5 |
---------------+----------------+-----
Fighting       | 4 5 |  5.3
Axes           | 3 4 |  4.6
Armour         | 4 5 |  5.4
Shields        | 4 5 |  5.3

Action                     |  1- 3 |  4- 6 || total
---------------------------+-------+-------++-------
  Melee: War axe           |    92 |    46 ||   138
         Headbutt          |    14 |    11 ||    25
 Invoke: Fiery Armour      |       |     1 ||     1
 Armour: Scale mail        |    11 |       ||    11
         Plate armour      |    61 |    20 ||    81
         Ring mail         |       |    11 ||    11
  Dodge: Dodged            |    34 |    20 ||    54
  Block: Buckler           |    26 |    13 ||    39

Table legend: (Time is in decaauts)
 A = Elapsed time spent in this place.
 B = Non-inter-level travel time spent in this place.
 C = Inter-level travel time spent in this place.
 D = Time resting spent in this place.
 E = Time spent auto-exploring this place.
 F = Levels seen in this place.
 G = Mean time per level.
                   A        B        C        D        E       F      G
               +--------+--------+--------+--------+--------+-----+--------+
         Total |   2111 |   2053 |     58 |      0 |   1606 |   5 |  422.2 |
       Dungeon |   2111 |   2053 |     58 |      0 |   1606 |   5 |  422.2 |
               +--------+--------+--------+--------+--------+-----+--------+

Top non-repeatable levels by time:
     D:2: 969 daAuts
     D:1: 587 daAuts
     D:3: 394 daAuts
     D:5: 95 daAuts
     D:4: 65 daAuts
